 Dungeon Crawl Stone Soup version 0.19.1 (webtiles) character file.

7472 Millan the Spear-Bearer (level 11, -5/80 HPs)
             Began as a Formicid Fighter on Nov 27, 2016.
             Was an Elder of Okawaru.
             Slain by an iron troll (13 damage)
             ... on level 9 of the Dungeon.
             The game lasted 00:28:23 (12044 turns).

Millan the Spear-Bearer (Formicid Fighter)         Turns: 12044, Time: 00:28:24

Health: -5/80      AC: 14    Str: 26 (27) XL:     11   Next: 37%
Magic:  9/11       EV: 10    Int: 11 (13) God:    Okawaru [****..]
Gold:   569        SH: 17    Dex:  8 (10) Spells: 0 memorised, 10 levels left

rFire  + + .     SeeInvis +     M - +0 glaive
rCold  . . .     Gourm    .     B - +1 plate armour "Gochyisu" {rF+ SInv}
rNeg   . . .     Faith    .     c - +0 shield
rPois  .         Spirit   .     (helmet unavailable)
rElec  .         Reflect  +     (no cloak)
rCorr  .         Harm     .     o - +0 pair of gloves
MR     +....                    (no boots)
Stlth  ..........               A - +4 amulet of reflection
                                (no ring)
                                z - +5 ring of intelligence

@: mighty, heroism
A: permanent stasis, dig shafts and tunnels, four strong arms, antennae 3,
talons 1, deformed body, fire resistance 1, frail 1, weak 1
a: Dig, Shaft Self, Heroism, Renounce Religion


You were on level 9 of the Dungeon.
You worshipped Okawaru.
Okawaru was greatly pleased with you.
You were not hungry.

You visited 1 branch of the dungeon, and saw 9 of its levels.
You also visited: Sewer.

You collected 569 gold pieces.

Inventory:

Hand Weapons
 a - a +0 trident
 M - a +0 glaive (weapon)
Armour
 c - a +0 shield (worn)
 o - a +0 pair of gloves (worn)
 B - the +1 plate armour "Gochyisu" (worn) {rF+ SInv}
   (You found it on level 4 of the Dungeon)

   It protects you from fire.
   It lets you see invisible.
Rods
 O - a +1 lightning rod (10/10)
   (You took it off a gnoll on level 8 of the Dungeon)
Jewellery
 q - a +2 ring of intelligence
 z - a +5 ring of intelligence (left hand)
 A - a +4 amulet of reflection (around neck)
 D - an uncursed ring of ice
Wands
 i - a wand of heal wounds (3/9)
 v - a wand of flame (20/48)
 w - a wand of flame (21/48)
 F - a wand of iceblast (9/15)
 N - a wand of lightning (6/15)
Scrolls
 e - 2 scrolls of fear
 g - 5 scrolls of identify
 n - 3 scrolls of remove curse
 r - 2 scrolls of immolation
 s - 4 scrolls of amnesia
 u - 3 scrolls of noise {unknown}
 y - 2 scrolls of fog
 I - a scroll of recharging {unknown}
 K - a scroll of random uselessness {unknown}
Potions
 b - 4 potions of curing
 d - 5 potions of might
 h - a potion of ambrosia {unknown}
 k - a potion of lignification {unknown}
 p - a potion of invisibility {unknown}
 x - a potion of beneficial mutation {unknown}
 L - a potion of agility
Books
 l - a Young Poisoner's Handbook

   Spells                             Type                      Level
   a - Sting                          Conjuration/Poison           1
   b - Mephitic Cloud                 Conjuration/Poison/Air       3
   c - Olgreb's Toxic Radiance        Poison                       4
   d - Alistair's Intoxication        Transmutation/Poison         5
   e - Venom Bolt                     Conjuration/Poison           5
 H - a book of Conjurations

   Spells                             Type                      Level
   a - Magic Dart                     Conjuration                  1
   b - Searing Ray                    Conjuration                  2
   c - Dazzling Spray                 Conjuration/Hexes            3
   d - Fulminant Prism                Conjuration/Hexes            4
   e - Iskenderun's Mystic Blast      Conjuration                  4
   f - Iskenderun's Battlesphere      Conjuration/Charms           5
 J - a book of Debilitation

   Spells                             Type                      Level
   a - Corona                         Hexes                        1
   b - Slow                           Hexes                        2
   c - Gell's Gravitas                Hexes/Translocation          3
   d - Inner Flame                    Hexes/Fire                   3
   e - Cause Fear                     Hexes                        4
   f - Leda's Liquefaction            Hexes/Earth                  4
Comestibles
 f - 6 bread rations
 j - 9 royal jellies
 m - 3 chunks of flesh
 C - 3 meat rations
 E - 9 fruits
 G - 2 beef jerkies


   Skills:
 + Level 9.4(14.4) Fighting
 * Level 10.4(15.4) Polearms
 + Level 9.6(14.6) Armour
 - Level 9.2(14.2) Shields


You had 10 spell levels left.
You didn't know any spells.

Dungeon Overview and Level Annotations

Branches:
Dungeon (9/15)             Temple (0/1) D:5            Lair (0/6) D:8
    Orc: D:9-12

Altars:
Cheibriados
Elyvilon
Fedhas
Gozag
Hepliaklqana
Kikubaaqudgha
Makhleb
Nemelex Xobeh
Okawaru
Qazlal
Sif Muna
Uskayaw
Zin


Innate Abilities, Weirdness & Mutations

You are under a permanent stasis effect.
You can dig through walls and to a lower floor.
Your four strong arms can wield two-handed weapons with a shield.
You have a pair of large antennae on your head. (SInv)
You have sharp toenails.
Armour fits poorly on your strangely shaped body.
Your flesh is heat resistant. (rF+)
You are frail. (-10% HP)
You are weak. (Str -2)


Message History

You block the iron troll's attack. x2
You barely miss the sky beast.
You claw the sky beast, but do no damage.
The sky beast is heavily wounded.
The sky beast hits you. The sky beast shocks you. The iron troll bites you!!
The iron troll claws you. The iron troll barely misses you.
You block the sky beast's attack.
You gain the combat prowess of a mighty hero.
You block the sky beast's attack.
You feel very mighty all of a sudden. The iron troll barely misses you.
The iron troll claws you!
* * * LOW HITPOINT WARNING * * *
The iron troll claws you!
* * * LOW HITPOINT WARNING * * *
You block the sky beast's attack.
Your plate armour "Gochyisu" prevents you from hitting the iron troll.
You claw the iron troll.
The iron troll is lightly wounded.
You block the iron troll's attack. The iron troll claws you!
You die...

.≈#{{#≈≈.........>.........#....#
.≈#{{#≈≈...................#....#
.≈# #≈≈...................#'####
.≈≈≈.≈≈≈.....####.#####..........
..........T...........#..........
.≈≈≈.≈≈≈T.............#..........
.≈≈#+##≈.............)#..........
.≈≈#{ ≈.....###T#####...........
.≈≈#{ .. #@....####'####### .≈≈#
.......Y....#....#...... .≈≈##
............#....#...... .≈≈≈≈
/...........#....#...... .≈≈≈≈
............#....#...... .≈≈≈≈
............#....#...... .≈≈≈≈
............#....#...... ..≈≈≈
....####...###...###...# ..≈≈≈
...####...###...###...#


You could see an iron troll and a sky beast (invisible).

Vanquished Creatures
  Pikel (D:7)
  Psyche (D:8)
  4 trolls (D:9)
  A hornet (D:8)
  2 hippogriffs
  Prince Ribbit (D:7)
  3 yaks (D:9)
  A hungry ghost (D:9)
  A soldier ant (D:8)
  Duvessa (D:6)
  An orc warrior (D:7)
  2 sky beasts
  3 ice beasts
  3 phantoms
  The ghost of stonage the Skirmisher, an amateur DsFi (D:3)
  A centaur (D:4)
  2 ogres
  5 big kobolds
  6 bullfrogs
  Dowan (D:6)
  3 scorpions
  13 killer bees (D:8)
  2 vampire bats (D:3)
  5 wights (D:9)
  2 howler monkeys
  3 crimson imps
  A bullfrog zombie (D:6)
  3 jellies
  3 orc priests
  4 hounds
  An iguana (D:5)
  8 orc wizards
  Natasha (thrice) (D:1)
  11 worker ants
  A killer bee zombie (D:5)
  2 hound zombies
  A hound skeleton (D:9)
  A howler monkey zombie (D:6)
  6 gnolls
  18 adders
  3 river rats (Sewer)
  3 oozes
  An adder zombie (D:8)
  3 adder skeletons
  9 worms
  A dart slug (D:3)
  13 leopard geckos
  20 orcs
  3 bat skeletons (D:3)
  3 bat zombies (D:3)
  6 giant cockroaches
  6 hobgoblins
  8 jackals
  5 quokkas
  2 ball pythons (Sewer)
  11 bats
  4 frilled lizards
  6 goblins
  A jackal skeleton (D:8)
  22 kobolds
  A leopard gecko skeleton (D:5)
  A quokka skeleton (D:9)
  A quokka zombie (D:6)
  15 rats
280 creatures vanquished.

Vanquished Creatures (others)
  2 slaves (D:7)
  A bullfrog (D:7)
  A leopard gecko (D:7)
4 creatures vanquished.

Grand Total: 284 creatures vanquished

Notes
Turn   | Place    | Note
-------+----------+-------------------------------------------
     0 | D:1      | Millan the Formicid Fighter began the quest for the Orb.
     0 | D:1      | Reached XP level 1. HP: 18/18 MP: 1/1
   378 | D:1      | Reached XP level 2. HP: 24/24 MP: 2/2
   822 | D:1      | Reached XP level 3. HP: 29/29 MP: 3/3
  1265 | D:2      | Noticed Natasha
  1288 | D:1      | Killed Natasha
  1288 | D:1      | Reached XP level 4. HP: 10/37 MP: 4/4
  1507 | D:1      | Noticed Natasha
  1517 | D:1      | Killed Natasha
  1529 | D:1      | Noticed Natasha
  1541 | D:1      | Killed Natasha
  1541 | D:1      | Reached XP level 5. HP: 36/42 MP: 5/5
  2033 | D:2      | Found a glowing silver altar of Zin.
  2034 | D:2      | Noticed an angel
  2096 | D:2      | Reached skill level 5 in Shields
  2243 | D:2      | Reached skill level 3 in Polearms
  2253 | D:2      | Found an iron altar of Okawaru.
  2297 | D:2      | Became a worshipper of Warmaster Okawaru
  2396 | D:3      | Noticed stonage's ghost (amateur DsFi)
  2410 | D:3      | Killed stonage's ghost
  2410 | D:3      | Reached XP level 6. HP: 28/49 MP: 6/6
  2480 | D:3      | Found an ancient bone altar of Kikubaaqudgha.
  2529 | D:3      | Reached * piety under Okawaru
  2590 | D:3      | Found a snail-covered altar of Cheibriados.
  2702 | D:3      | Found a hazy altar of Hepliaklqana.
  2745 | D:3      | Found a glowing drain.
  2796 | Sewer    | Entered a sewer
  2991 | Sewer    | Reached XP level 7. HP: 48/55 MP: 7/7
  3896 | Sewer    | Reached skill level 4 in Polearms
  3896 | Sewer    | Reached skill level 5 in Armour
  3914 | Sewer    | Reached skill level 5 in Fighting
  4409 | D:3      | Found a burning altar of Makhleb.
  4654 | D:3      | Reached XP level 8. HP: 62/62 MP: 8/8
  4983 | D:4      | Got a twisted plate armour
  4995 | D:4      | Identified the cursed +1 plate armour "Gochyisu" {rF+ SInv} (You found it on level 4 of the Dungeon)
  5324 | D:4      | Reached ** piety under Okawaru
  6047 | D:5      | Entered Level 5 of the Dungeon
  6080 | D:5      | Reached skill level 5 in Polearms
  6080 | D:5      | Reached XP level 9. HP: 55/69 MP: 9/9
  6163 | D:5      | Found a blossoming altar of Fedhas.
  6296 | D:5      | Found a stormy altar of Qazlal.
  6312 | D:5      | Reached *** piety under Okawaru
  6347 | D:5      | Found a staircase to the Ecumenical Temple.
  6372 | D:5      | Found a sparkling altar of Nemelex Xobeh.
  6855 | D:5      | Found a deep blue altar of Sif Muna.
  7033 | D:5      | Found a faded altar of an unknown god.
  7033 | D:5      | Found a faded altar of an unknown god.
  7038 | D:5      | Found a faded altar of an unknown god.
  7040 | D:5      | Found a faded altar of an unknown god.
  7041 | D:5      | Found a hide-covered altar of Uskayaw.
  7175 | D:6      | Noticed Duvessa
  7175 | D:6      | Noticed Dowan
  7181 | D:6      | Killed Dowan
  7190 | D:6      | Killed Duvessa
  7527 | D:6      | Reached skill level 6 in Polearms
  8147 | D:7      | Noticed Prince Ribbit
  8160 | D:7      | Killed Prince Ribbit
  8173 | D:7      | Noticed Pikel
  8208 | D:7      | Killed Pikel
  8208 | D:7      | Reached skill level 7 in Polearms
  8208 | D:7      | Reached XP level 10. HP: 60/79 MP: 10/10
  8924 | D:7      | Reached skill level 8 in Polearms
  9126 | D:8      | Gained mutation: Armour fits poorly on your strangely shaped body. [mutagenic meat]
  9127 | D:8      | Gained mutation: You have sharp toenails. [mutagenic meat]
  9128 | D:8      | Gained mutation: You are weak. (Str -2) [mutagenic meat]
  9129 | D:8      | Gained mutation: Your flesh is heat resistant. (rF+) [mutagenic meat]
  9130 | D:8      | Gained mutation: You are frail. (-10% HP) [mutagenic meat]
  9218 | D:8      | Noticed Psyche
  9244 | D:8      | Killed Psyche
  9416 | D:8      | Found a white marble altar of Elyvilon.
  9449 | D:8      | Reached **** piety under Okawaru
  9474 | D:8      | Found a staircase to the Lair.
  9771 | D:8      | Found an opulent altar of Gozag.
  9988 | D:8      | Reached skill level 9 in Polearms
 10608 | D:8      | Reached XP level 11. HP: 11/78 MP: 11/11
 11476 | D:9      | Reached skill level 10 in Polearms
 12031 | D:9      | Noticed an iron troll
 12044 | D:9      | Slain by an iron troll

Skill      XL: |  1  2  3  4  5  6  7  8  9 10 11 |
---------------+----------------------------------+-----
Shields        | 4 5 6 8 9 |  9.2
Armour         | 4 5 6 7 9 |  9.6
Fighting       | 4 5 6 7 8 9 |  9.4
Polearms       | 3 4 5 7 9 10 | 10.4

Action                   |  1- 3 |  4- 6 |  7- 9 | 10-12 || total
-------------------------+-------+-------+-------+-------++-------
Melee: Trident           |   157 |   244 |   769 |   322 ||  1492
       Glaive            |       |       |       |   287 ||   287
       Kick              |       |       |       |    83 ||    83
Invok: Heroism           |       |       |     3 |     5 ||     8
 Abil: Dig               |       |     1 |     2 |     4 ||     7
  Use: Scroll            |       |     7 |     1 |       ||     8
       Potion            |       |       |       |     8 ||     8
 Stab: Distracted        |       |       |       |     1 ||     1
       Held in net/web   |       |       |       |     1 ||     1
  Eat: Chunk             |     1 |     7 |    17 |    22 ||    47
       Fruit             |       |       |       |     2 ||     2
Armor: Scale mail        |     7 |       |       |       ||     7
       Chain mail        |    57 |   173 |    68 |       ||   298
       Plate armour      |       |       |   170 |   211 ||   381
Dodge: Dodged            |    29 |    73 |   111 |   124 ||   337
Block: Shield            |    65 |   158 |   482 |   480 ||  1185
       Reflection        |       |       |    11 |     7 ||    18
